AoeStats
← Crissss

MegaRandom

510817847Analyzed
2v2 RM · 11h ago on Oct 2, 2026· 49m 44s· 4 players
Game mode
Random Map
Map size
Medium (4 player)
Population
200
Speed
Normal
Resources
Standard
Victory
Conquest
Starting age
Dark Age
Ending age
Imperial Age
RankedLock teamsTeams togetherTeam positionsShared explorationLock speedFull tech treeHidden civsTurbo modeCheats
Victory
Defeat
🇵🇪 Celts · Peru
1071
+18
🇪🇸 Cumans · Spain
1005
+21
🇦🇷 Spanish · Argentina
1127
-20
🇨🇳 Hindustanis · China
1091
-19
Cavalier
6:13 Loom
11:46 Feudal Age
12:33 Town Watch
12:38 Horse Collar
12:48 Double-Bit Axe
15:08 Wheelbarrow
14:42 Gold Mining
18:37 Castle Age
17:19 Stone Mining
18:28 Fletching
18:51 Scale Barding Armor
18:57 Forging
20:10 Gold Shaft Mining
19:47 Bow Saw
19:37 Heavy Plow
25:12 Imperial Age
26:26 Conscription
26:42 Ballistics
27:23 Chemistry
26:38 Bloodlines
26:51 Steppe Husbandry
28:06 Chain Barding Armor
28:21 Iron Casting
27:43 Bodkin Arrow
28:20 Town Patrol
31:13 Hand Cart
33:23 Two-Man Saw
32:07 Elite Steppe Lancer
33:27 Plate Barding Armor
33:52 Blast Furnace
32:57 Padded Archer Armor
34:14 Cuman Mercenaries
33:35 Elite Kipchak
34:47 Light Cavalry
38:37 Hussar
42:53 Crop Rotation
42:42 Leather Archer Armor
42:28 Scale Mail Armor
45:58 Murder Holes
46:14 Masonry
47:41 Ring Archer Armor
47:27 Chain Mail Armor
47:19 Caravan
Crissss
2:48 Loom
9:11 Feudal Age
13:30 Double-Bit Axe
16:12 Castle Age
16:07 Gold Mining
16:07 Stone Mining
16:01 Horse Collar
17:54 Pikeman
18:40 Scale Mail Armor
18:31 Fletching
22:11 Gold Shaft Mining
23:15 Elite Skirmisher
25:38 Ballistics
32:51 Imperial Age
31:52 Bodkin Arrow
32:08 Forging
32:41 Chain Mail Armor
35:57 Imperial Age
33:54 Padded Archer Armor
34:38 Husbandry
37:48 Leather Archer Armor
37:39 Scale Barding Armor
37:42 Cavalier
38:53 Siege Engineers
39:20 Bow Saw
42:00 Chemistry
40:25 Onager
41:19 Caravan
43:48 Conscription
46:45 Paladin
49:01 Siege Onager
Danny chan
9:25 Loom
16:52 Feudal Age
19:35 Wheelbarrow
26:02 Castle Age
25:53 Bloodlines
28:16 Hand Cart
31:06 Imperial Age
28:47 Double-Bit Axe
29:55 Scale Barding Armor
30:01 Forging
30:46 Husbandry
31:13 Chain Barding Armor
31:54 Town Watch
33:51 Plate Barding Armor
33:52 Iron Casting
33:48 Heavy Camel Rider
37:20 Blast Furnace
38:17 Imperial Camel Rider
40:59 Fortified Wall
40:45 Murder Holes
41:01 Masonry
41:49 Conscription
41:41 Herbal Medicine
42:39 Hoardings
42:45 Conscription
46:40 Bow Saw
46:13 Horse Collar
46:28 Gold Mining
46:28 Stone Mining
Buaco69
0:57 Loom
12:02 Feudal Age
15:42 Castle Age
13:44 Stone Mining
13:48 Horse Collar
14:09 Double-Bit Axe
18:10 Wheelbarrow
17:48 Bow Saw
17:40 Heavy Plow
17:32 Gold Mining
19:01 Padded Archer Armor
20:48 Leather Archer Armor
27:57 Imperial Age
31:13 Ring Archer Armor
32:44 Conscription
31:47 Elite Conquistador
36:40 Bloodlines
37:10 Light Cavalry
38:04 Forging
39:00 Hand Cart
39:50 Two-Man Saw
39:32 Iron Casting
38:20 Hussar
39:09 Scale Barding Armor
42:14 Blast Furnace
41:36 Chain Barding Armor
Connection lost

Rejoining the realm…

Still unreachable

The connection could not be restored.

Session expired

The server has moved on; the page needs a fresh start.